 Dungeon Crawl Stone Soup version 0.31-a0-1074-g0b22e4e0f1 (webtiles) character file.

Game seed: 14092225186772389532

1122 LeprechaunX the Changeling (level 8, -1/54 HPs)
             Began as an Octopode Shapeshifter on Nov 29, 2023.
             Was an Initiate of Ashenzari.
             Slain by an ice beast (10 damage)
             ... on level 5 of the Dungeon.
             The game lasted 00:05:56 (4090 turns).

LeprechaunX the Changeling (Octopode Shapeshifter)  Turns: 4090, Time: 00:05:57

Health: -1/54      AC:  1    Str: 14    XL:     8   Next: 35%
Magic:  8/8        EV: 18    Int: 12    God:    Ashenzari [......]
Gold:   282        SH:  0    Dex: 19    Spells: 7/7 levels left

rFire   . .          .
                       - Unarmed
rCold   . . .        (no shield)
rNeg    + . .        (helmet currently unavailable)
rPois   .            (no amulet)
rElec   .            h - +5 ring of evasion
rCorr   .            i - +6 ring of dexterity
SInv    .            o - ring of positive energy
Will    .....        (no ring)
Stlth   +++          (no ring)
HPRegen 0.29/turn    (no ring)
MPRegen 0.11/turn    (no ring)
                     (no ring)

%: no passive effects
@: beast-form
A: beast (slay +3), almost no armour, amphibious, 8 rings, camouflage 1,
gelatinous body 1, (nimble swimmer 1), tentacles
a: Begin Untransformation, Renounce Religion


You were on level 5 of the Dungeon.
You worshipped Ashenzari.
Ashenzari was noncommittal.
You were a hulking beast.
You visited 1 branch of the dungeon, and saw 5 of its levels.

You collected 282 gold pieces.

Inventory:

Hand Weapons
 a - a +0 shortbow
Missiles
 s - 2 boomerangs
Jewellery
 h - a +5 ring of evasion (left tentacle)
 i - a +6 ring of dexterity (right tentacle)
 o - a ring of positive energy (on tentacle)
Talismans
 c - a flux talisman
 u - a beast talisman
Scrolls
 d - a scroll of enchant weapon {unknown}
 e - 3 scrolls of teleportation {unknown}
 f - 6 scrolls of identify {unknown}
 j - a scroll of immolation {unknown}
 n - a scroll of blinking {unknown}
 r - 2 scrolls of silence {unknown}
 w - a scroll of fear {unknown}
 x - a scroll of revelation {unknown}
 y - 2 scrolls of vulnerability {unknown}
Potions
 b - a potion of curing {unknown}
 g - 2 potions of haste {unknown}
 k - 3 potions of enlightenment {unknown}
 l - a potion of degeneration {unknown}
 m - a potion of resistance {unknown}
 p - a potion of ambrosia {unknown}
 t - a potion of attraction {unknown}
 v - a potion of lignification


   Skills:
 + Level 4.4 Fighting
 - Level 3.0 Throwing
 - Level 2.0 Dodging
 + Level 5.4 Unarmed Combat
 * Level 6.5 Shapeshifting


You had 7 spell levels left.
You didn't know any spells.
Your spell library contained the following spells:

 Spells                   Type           Power      Damage    Failure   Level
 Freeze                   Ice            0%         1d3       32%         1
 Wereblood                Tmut           0%         N/A       45%         2
 Frozen Ramparts          Ice            0%         1d1       69%         3
 Hailstorm                Conj/Ice       0%         3d3       69%         3
 Irradiate                Conj/Tmut      0%         3d11      100%        5


Dungeon Overview and Level Annotations

Branches:
Dungeon (5/15)
 Temple: D:4-7

Altars:
Ashenzari
Hepliaklqana
Wu Jian

Shops:
D:2 !   D:5 (


Innate Abilities, Weirdness & Mutations

You are a hulking beast.
Your limbs bulge with bestial killing power. (Slay +3)
You cannot wear most types of armour.
You are amphibious.
You can wear up to eight rings at the same time.
Your skin changes colour to match your surroundings (Stealth+).
Your rubbery body absorbs attacks. (AC +1, EV +1)
((You are camouflaged when in or above water. (Stealth+)))
You have tentacles for arms and can constrict up to eight enemies at once.


Message History

The steam dragon is caught in the net!
The steam dragon breathes steam at you. The ball of steam hits you!
The steam dragon struggles against the net.
You strike the helpless steam dragon from behind!
You bludgeon the steam dragon! You squeeze the steam dragon!
The steam dragon is heavily wounded.
You are engulfed in a cloud of scalding steam.
You tentacle-slap the steam dragon. You squeeze the steam dragon.
The steam dragon is severely wounded.
You are engulfed in a cloud of scalding steam.
The steam dragon struggles against the net.
You bludgeon the steam dragon!
The steam dragon is almost dead.
You are engulfed in a cloud of scalding steam.
The steam dragon struggles against the net.
You tentacle-slap the steam dragon but do no damage.
You squeeze the steam dragon, but do no damage.
The steam dragon is almost dead.
You are engulfed in a cloud of scalding steam.
The steam dragon struggles against the net.
You catch the helpless steam dragon completely off-guard!
You tentacle-slap the steam dragon but do no damage.
The steam dragon is almost dead.
The steam dragon breathes steam at you. The ball of steam misses you.
The steam dragon struggles against the net.
The net rips apart, and the steam dragon comes free!
You bludgeon the steam dragon!
You kill the steam dragon!
You are engulfed in a cloud of scalding steam.
* * * LOW HITPOINT WARNING * * *
Unknown command.
Okay, then.
An ice beast is nearby!
The ice beast attacks as it pursues you!
The ice beast hits you.
* * * LOW HITPOINT WARNING * * *
The ice beast freezes you!
You die...

... #.# ... #.#
... # #.# ... #.
#.# #.# .######.#
#.# ........###.#
#.#.#.#.#.##
#.###..§h......##
......#Y##+##.#.##
## .#.#..§#
#....## ##.#
#....##.+
+.#...####... #...
..# #.....+......
##. ##.##+##.#...#
##... ..
...........## #...
# #.#.#.#.#.##
#.## .(# ##...##
#.##


You could see an ice beast.

Vanquished Creatures
  A steam dragon (D:5)
  2 black bears
  An ice beast (D:5)
  3 centaurs (D:5)
  3 scorpions (D:4)
  A jelly (D:5)
  A sleepcap (D:5)
  An iguana (D:5)
  3 gnolls (D:3)
  7 adders
  2 ufetubi (D:5)
  2 worms
  A dart slug (D:4)
  17 orcs
  8 ball pythons
  8 bats
  5 endoplasms
  5 giant cockroaches
  6 goblins
  14 hobgoblins
  5 jackals
  8 kobolds
  6 quokkas
  5 frilled lizards
  10 rats
125 creatures vanquished.

Notes
Turn   | Place    | Note
-------+----------+-------------------------------------------
     0 | D:1      | LeprechaunX the Octopode Shapeshifter began the quest for
                  | the Orb.
     0 | D:1      | Reached XP level 1. HP: 13/13 MP: 1/1
   112 | D:1      | Reached XP level 2. HP: 18/18 MP: 2/2
   289 | D:1      | Found a faded altar of an unknown god.
   450 | D:1      | Reached XP level 3. HP: 23/23 MP: 3/3
  1117 | D:2      | Reached XP level 4. HP: 21/29 MP: 4/4
  1202 | D:2      | Found Ummiaps's Distillery.
  1441 | D:3      | Reached skill level 4 in Shapeshifting
  1521 | D:3      | Reached XP level 5. HP: 34/34 MP: 5/5
  2281 | D:4      | Noticed a black bear
  2299 | D:4      | Killed a black bear
  2300 | D:4      | Reached XP level 6. HP: 37/41 MP: 6/6
  2301 | D:4      | Reached skill level 1 in Throwing
  2490 | D:4      | Reached skill level 5 in Shapeshifting
  2665 | D:4      | Found a hazy altar of Hepliaklqana.
  2733 | D:4      | Reached XP level 7. HP: 46/46 MP: 7/7
  3007 | D:5      | Entered Level 5 of the Dungeon
  3174 | D:5      | Found an ornate altar of the Wu Jian Council.
  3384 | D:5      | Identified the +7 sling "Lungefeg" {flame, Stlth+}
  3450 | D:5      | Reached skill level 5 in Unarmed Combat
  3471 | D:5      | Found Ripentai's Weapon Emporium.
  3588 | D:5      | Reached skill level 6 in Shapeshifting
  3588 | D:5      | Reached XP level 8. HP: 23/54 MP: 8/8
  3703 | D:5      | Found a broken altar of Ashenzari.
  3730 | D:5      | Became a worshipper of Ashenzari the Shackled
  4090 | D:5      | Slain by an ice beast

Illustrated notes

Levels and vault maps discovered:
D:1:      minmay_arrival_shoal_huts, layout_basic,
          ebering_ecumenical_altar_sacrificial, minmay_misc_feat_nine_boxes
D:2:      layout_rooms, serial_shops, nicolae_shop_real_fake_doors
D:3:      layout_basic
D:4:      layout_loops_ring, nicolae_overflow_crystal_walls
D:5:      layout_loops_corners, nicolae_ashenzari_panopticon,
          pdpol_wu_jian_five_deadly_venoms, serial_shops,
          nicolae_shop_waterfront, shop, st_stairs_7, minmay_misc_feat_doors

Skill      XL: |  1  2  3  4  5  6  7  8 |
---------------+-------------------------+-----
Fighting       | 2 3 4 |  4.4
Shapeshifting  | 4 5 6 |  6.5
Unarmed Combat | 4 5 |  5.4
Throwing       | 1 2 3 |  3.0
Dodging        | |  2.0

Action                     |  1- 3 |  4- 6 |  7- 9 || total
---------------------------+-------+-------+-------++-------
  Melee: Unarmed           |    89 |    99 |    13 ||   201
         Constrict         |    30 |    33 |     7 ||    70
         Tentacles         |    19 |    18 |    10 ||    47
         Punch             |     1 |     4 |     1 ||     6
         Whip              |       |     8 |    43 ||    51
  Throw: Boomerang         |       |       |     3 ||     3
         Throwing net      |       |       |     2 ||     2
   Stab: Sleeping          |    14 |     6 |     5 ||    25
         Distracted        |       |       |     1 ||     1
         Held in net/web   |       |       |     2 ||     2
 Armour: Skin              |    29 |    27 |    37 ||    93
  Dodge: Dodged            |    65 |    73 |    61 ||   199

Table legend: (Time is in decaauts)
 A = Elapsed time spent in this place.
 B = Non-inter-level travel time spent in this place.
 C = Inter-level travel time spent in this place.
 D = Time resting spent in this place.
 E = Time spent auto-exploring this place.
 F = Levels seen in this place.
 G = Mean time per level.
                   A        B        C        D        E       F      G
               +--------+--------+--------+--------+--------+-----+--------+
         Total |   4078 |   3955 |    123 |    267 |   2920 |   5 |  815.6 |
       Dungeon |   4078 |   3955 |    123 |    267 |   2920 |   5 |  815.6 |
               +--------+--------+--------+--------+--------+-----+--------+

Top non-repeatable levels by time:
     D:5: 1085 daAuts
     D:1: 812 daAuts
     D:3: 795 daAuts
     D:4: 773 daAuts
     D:2: 612 daAuts
